 Dungeon Crawl Stone Soup version 0.26-a0-971-g1d9d62bb61 (webtiles) character file.

Game seed: 10413388042833934421

445 streetpizza the Slasher (level 6, -8/47 HPs)
             Began as a Demonspawn Wanderer on Dec 4, 2020.
             Mangled by an ogre
             ... wielding a +0 giant spiked club
              (21 damage)
             ... on level 5 of the Dungeon.
             The game lasted 00:13:49 (5481 turns).

streetpizza the Slasher (Demonspawn Wanderer)       Turns: 5481, Time: 00:13:49

Health: -8/47      AC:  9    Str: 16    XL:     6   Next: 72%
Magic:  9/9        EV: 14    Int: 10    God:
Gold:   228        SH:  0    Dex: 14    Spells: 8/9 levels left

rFire    . . .     SeeInvis .   a - +2 dagger
rCold    . . .     Faith    .   (no shield)
rNeg     . . .     Spirit   .   e - +0 robe
rPois    .         Reflect  .   (helmet restricted)
rElec    .         Harm     .   f - +0 cloak
rCorr    .         Rampage  .   (no gloves)
MR       .....                  (no boots)
Stlth    ++........             (no amulet)
HPRegen  0.15/turn              (no ring)
MPRegen  0.11/turn              (no ring)

@: sanguine armour
A: antennae 1, powered by pain 1, sanguine armour 1
a: no special abilities


You were on level 5 of the Dungeon.
You visited 1 branch of the dungeon, and saw 5 of its levels.

You collected 228 gold pieces.

Inventory:

Hand Weapons
 a - a +2 dagger (weapon)
 A - a +0 falchion
Missiles
 r - 19 poisoned darts (quivered)
Armour
 e - a +0 robe (worn)
 f - a +0 cloak (worn)
 z - a +0 buckler
Jewellery
 s - a +4 ring of slaying {unknown}
 B - an uncursed amulet of faith {unknown}
Wands
 v - a wand of disintegration (10)
Scrolls
 c - 4 scrolls of teleportation {unknown}
 g - 4 scrolls of remove curse {unknown}
 h - 4 scrolls of magic mapping {unknown}
 j - 2 scrolls of random uselessness {unknown}
 k - 2 scrolls of enchant weapon {unknown}
 m - 3 scrolls of identify {unknown}
 n - 2 scrolls of noise {unknown}
 p - 4 scrolls of blinking {unknown}
 w - a scroll of amnesia {unknown}
 x - a scroll of fear {unknown}
 y - a scroll of immolation {unknown}
Potions
 b - 2 potions of haste
 d - 4 potions of lignification
 i - a potion of ambrosia {unknown}
 l - 2 potions of cancellation {unknown}
 o - 4 potions of might {unknown}
 q - a potion of flight {unknown}
 t - 2 potions of curing {unknown}
 u - a potion of brilliance {unknown}


   Skills:
 + Level 3.1 Fighting
 * Level 4.3 Long Blades
 * Level 4.1 Dodging
 - Level 1.0 Stealth
 - Level 1.0 Shields
 - Level 2.0 Spellcasting
 - Level 1.0 Transmutations
 - Level 1.0 Evocations


You had 8 spell levels left.
You knew the following spells:

 Your Spells              Type           Power        Failure   Level
a - Beastly Appendage     Tmut           #.....       21%         1

Your spell library contained the following spells:

 Spells                   Type           Power        Failure   Level
 Spider Form              Tmut/Pois      #.........   58%         3


Dungeon Overview and Level Annotations

Branches:
Dungeon (5/15)
 Temple: D:4-7

Altars:
Fedhas

Shops:
D:4 [


Innate Abilities, Weirdness & Mutations

You have a pair of small antennae on your head.
You sometimes gain a little power by taking damage.
When seriously injured, your bleeding wounds create armour. (AC +6)


Message History

The ogre completely misses you.
You completely miss the ogre.
The ogre is severely wounded.
You hit the ogre.
The ogre is almost dead.
The ogre closely misses you.
You hit the ogre.
The ogre is almost dead.
The ogre hits you with a +0 giant spiked club!!
Ouch! That really hurt!
Your blood congeals into armour.
The orc priest shouts!
You hit the ogre.
The ogre is almost dead.
You hear a shout! x3
The orc hits you with a +0 flail.
* * * LOW HITPOINT WARNING * * *
Unknown command.
The ogre hits you with a +0 giant spiked club!!
You die...

#.......#
#.......+
+.......#
#.......#
#.......#
#.......#
#o.......
#@O#.#.#.
#........
{#..#.#.#.
##.......
.#.#.#.
.....o.
.#.#.#.
.......


You could see an ogre, an orc priest and an orc.

Vanquished Creatures
  A phantom (D:4)
  A centaur (D:4)
  A centaur skeleton (D:4)
  Terence (D:2)
  3 orc wizards
  3 adders (D:4)
  2 oozes (D:2)
  5 worms
  4 dart slugs
  4 leopard geckos
  14 orcs
  A giant cockroach (D:3)
  4 goblins
  5 hobgoblins
  4 jackals (D:2)
  4 quokkas
  A ball python (D:1)
  8 bats
  5 frilled lizards
  5 kobolds
  6 rats
82 creatures vanquished.

Vanquished Creatures (others)
  A plant (D:1)
1 creature vanquished.

Grand Total: 83 creatures vanquished

Notes
Turn   | Place    | Note
-------+----------+-------------------------------------------
     0 | D:1      | streetpizza the Demonspawn Wanderer began the quest for the
                  | Orb.
     0 | D:1      | streetpizza set off with the following items: a +2 dagger,
                  | a potion of haste, a potion of lignification, a +0 robe;
                  | and the following spell memorised: Beastly Appendage; and
                  | the following spells available to memorise: Spider Form
     0 | D:1      | Reached XP level 1. HP: 15/15 MP: 3/3
   391 | D:1      | Gained mutation: When seriously injured, your bleeding
                  | wounds create armour. (AC +6) [demonic ancestry]
   391 | D:1      | Reached XP level 2. HP: 21/21 MP: 5/5
  1403 | D:2      | Noticed Terence
  1415 | D:2      | Killed Terence
  1416 | D:2      | Reached XP level 3. HP: 15/27 MP: 6/6
  2106 | D:2      | Reached XP level 4. HP: 33/33 MP: 7/7
  3265 | D:3      | Lost mutation: You have a pair of horns on your head.
                  | [demonic ancestry]
  3265 | D:3      | Lost mutation: You have a pair of small horns on your head.
                  | [demonic ancestry]
  3265 | D:3      | Gained mutation: You have a pair of small antennae on your
                  | head. [demonic ancestry]
  3265 | D:3      | Reached XP level 5. HP: 29/39 MP: 5/8
  4232 | D:4      | Noticed a phantom
  4329 | D:4      | Gained mutation: You sometimes gain a little power by
                  | taking damage. [demonic ancestry]
  4329 | D:4      | Reached XP level 6. HP: 32/46 MP: 9/9
  4426 | D:4      | Found Fuqihaesa's Antique Armour Emporium.
  4437 | D:4      | Found a blossoming altar of Fedhas.
  5473 | D:5      | Entered Level 5 of the Dungeon
  5481 | D:5      | Mangled by an ogre

Illustrated notes

Levels and vault maps discovered:
D:1:      kilobyte_arrival_exit_the_forest, layout_basic, nrook_mini_vaults,
          chequers_big_river, minmay_misc_feat_alley
D:2:      layout_loops_ring, kennysheep_generic_room_8, uniq_terence
D:3:      layout_rooms
D:4:      layout_basic, serial_shops, nicolae_shop_behind_doors,
          hex_intersection, fedhas_bush_and_centaur_altar
D:5:      layout_gridville, nicolae_ossuary_entry_ruins, serial_glass,
          glass_columns_b, glass_columns_c, glass_columns_a, glass_columns_a,
          glass_columns_a, glass_columns_b

Skill      XL: |  1  2  3  4  5  6 |
---------------+-------------------+-----
Long Blades    | 2 3 4 |  4.3
Dodging        | 2 3 4 |  4.1
Fighting       | 2 3 |  3.1
Stealth        | |  1.0
Shields        | |  1.0
Spellcasting   | |  2.0
Transmutations | |  1.0
Evocations     | |  1.0

Action                   |  1- 3 |  4- 6 || total
-------------------------+-------+-------++-------
Melee: Dagger            |   117 |   254 ||   371
       Kick              |     3 |    37 ||    40
       Headbutt          |       |     5 ||     5
Throw: Dart              |       |     3 ||     3
 Cast: Beastly Appendage |     2 |    26 ||    28
 Stab: Sleeping          |     3 |     5 ||     8
Armor: Robe              |    20 |    42 ||    62
Dodge: Dodged            |    52 |   137 ||   189

Table legend: (Time is in decaauts)
 A = Elapsed time spent in this place.
 B = Non-inter-level travel time spent in this place.
 C = Inter-level travel time spent in this place.
 D = Time resting spent in this place.
 E = Time spent auto-exploring this place.
 F = Levels seen in this place.
 G = Mean time per level.
                   A        B        C        D        E       F      G
               +--------+--------+--------+--------+--------+-----+--------+
         Total |   5465 |   5328 |    137 |    324 |   4233 |   5 | 1093.0 |
       Dungeon |   5465 |   5328 |    137 |    324 |   4233 |   5 | 1093.0 |
               +--------+--------+--------+--------+--------+-----+--------+

Top non-repeatable levels by time:
     D:2: 1655 daAuts
     D:4: 1588 daAuts
     D:1: 1417 daAuts
     D:3: 797 daAuts
     D:5: 7 daAuts
